 Dungeon Crawl Stone Soup version 0.25-a0-340-ga1faa1601d (webtiles) character file.

Game seed: 15554257201492808277, levelgen mode: deterministic

4745 pk666 the Thaumaturge (level 10, -12/50 HPs)
             Began as a Deep Elf Wizard on Dec 29, 2019.
             Was a Believer of Vehumet.
             Mangled by a two-headed ogre
             ... wielding a +0 giant club
              (23 damage)
             ... on level 9 of the Dungeon.
             The game lasted 00:36:41 (12556 turns).

pk666 the Thaumaturge (Deep Elf Wizard)            Turns: 12556, Time: 00:36:41

Health: -12/50     AC:  8    Str:  3 (4)  XL:     10   Next: 22%
Magic:  27/27      EV: 14    Int: 28 (30) God:    Vehumet [**....]
Gold:   327        SH:  0    Dex: 13      Spells: 21/32 levels left

rFire    . . .     SeeInvis .   k - +0 dagger
rCold    . . .     Gourm    .   (no shield)
rNeg     . . .     Faith    .   w - +2 robe {MR+}
rPois    .         Spirit   .   x - +1 hat {Int+3}
rElec    .         Reflect  .   G - scarf {cloud immunity}
rCorr    .         Harm     .   (no gloves)
MR       ++...                  (no boots)
Stlth    ++........             n - amulet of magic regeneration
HPRegen  0.16/turn              b - ring of flight
MPRegen  0.45/turn              C - +3 ring of protection

@: no status effects
A: no striking features
a: Renounce Religion, Evoke Flight


You were on level 9 of the Dungeon.
You worshipped Vehumet.
Vehumet was pleased with you.
You were very hungry.

You visited 2 branches of the dungeon, and saw 10 of its levels.

You collected 327 gold pieces.

Inventory:

Hand Weapons
 k - a +0 dagger (weapon)
Armour
 w - a +2 robe of magic resistance (worn)
 x - a +1 hat of intelligence (worn)
 G - a scarf of cloud immunity (worn)
Jewellery
 b - a ring of flight (left hand)
 n - an amulet of magic regeneration (around neck)
 C - a +3 ring of protection (right hand)
Wands
 p - a wand of acid (9)
 t - a wand of digging (4)
 v - a wand of random effects (4)
 y - a wand of disintegration (16)
 B - a wand of polymorph (11)
 D - a wand of iceblast (10)
 F - a wand of flame (23)
Scrolls
 c - 10 scrolls of identify {unknown}
 g - a scroll of fear
 h - a scroll of teleportation
 i - 3 scrolls of enchant armour
 j - 4 scrolls of remove curse
 m - 2 scrolls of amnesia
 s - 2 scrolls of magic mapping {unknown}
 u - a scroll of blinking {unknown}
 A - 2 scrolls of immolation {unknown}
Potions
 a - a potion of magic {unknown}
 f - 5 potions of flight {unknown}
 o - a potion of agility
 r - a potion of might {unknown}
 z - a potion of haste {unknown}
 E - a potion of resistance {unknown}
 H - a potion of heal wounds {unknown}
Comestibles
 d - 21 rations


   Skills:
 + Level 4.7 Dodging
 - Level 2.4 Stealth
 + Level 11.5 Spellcasting
 + Level 9.2 Conjurations
 - Level 2.0 Summonings
 - Level 1.1 Translocations
 + Level 8.7 Fire Magic
 - Level 2.0 Air Magic
 - Level 2.0 Poison Magic


You had 21 spell levels left.
You knew the following spells:

 Your Spells              Type           Power        Failure   Level  Hunger
a - Magic Dart            Conj           ####         1%          1    None
b - Blink                 Tloc           N/A          3%          2    None
c - Conjure Flame         Conj/Fire      ######..     1%          3    None
d - Mephitic Cloud        Conj/Pois/Air  #####...     1%          3    None
e - Call Imp              Summ           ####....     2%          2    None

Your spell library contained the following spells:

 Spells                   Type           Power        Failure   Level  Hunger
 Ignite Poison            Fire/Tmut/Pois #####...     2%          3    None
 Beastly Appendage        Tmut           ###...       3%          1    None
 Slow                     Hex            ###.....     5%          2    None
 Sticks to Snakes         Tmut           ###.....     5%          2    None
 Spider Form              Tmut/Pois      ###.......   7%          3    None
 Ice Form                 Ice/Tmut       ###.....     34%         4    None
 Blade Hands              Tmut           ###.......   67%         5    ###....


Dungeon Overview and Level Annotations

Branches:
Dungeon (9/15)             Temple (1/1) D:4
   Lair: D:8-11         Orc: D:9-12

Altars:
Ashenzari
Cheibriados
Dithmenos
Elyvilon
Fedhas
Gozag
Hepliaklqana
Kikubaaqudgha
Makhleb
Nemelex Xobeh
Okawaru
Qazlal
Ru
Sif Muna
Trog
Uskayaw
Vehumet
Wu Jian
Xom
Yredelemnul
Zin
The Shining One
Beogh

Shops:
D:5 }

Annotations:
D:5 3 runed translucent doors, LostGamesStreakFreak's ghost, amateur TrMo
D:8 exclusion: downstairs
D:9 Erica; Grum; Harold


Message History

a +0 robe; a +0 club; a +0 plate armour; a +0 dire flail of protection
Items here: )))) [[ You see here a +0 flail.
You see here a sling bullet.
There is a stone staircase leading down here.
You climb downwards.
Level annotation: Erica; Grum; Harold The orc closely misses you.
The orc wizard casts a spell at you. The magic dart hits you.
The two-headed ogre hits you with a +0 giant club!!
The jackal barks!
The two-headed ogre hits you with a +0 giant spiked club!
* * * LOW HITPOINT WARNING * * *
The orc barely misses you.
The orc warrior throws a poisoned dart.
The poisoned dart closely misses you.
There is a stone staircase leading up, spattered with blood here.
You see here a poisoned dart.
The two-headed ogre hits you with a +0 giant club!!
You die...

#.#..... .#.#
#. #..... .#.#
.. #./...
...#.. #.[...
#########...o.#
#.....
#.s...#.ho.....
#.....
#.[..o........
######
#.............
#....o@......#
.
#....O.......#
..
.......g......#
..
...............
..
....:..........
.
............###
.............
.............#


You could see a two-headed ogre, Grum, an orc warrior, a scorpion, 2 orc
wizards, an orc and a jackal.

Vanquished Creatures
  Joseph (D:8)
  Prince Ribbit (D:5)
  A hippogriff (D:7)
  2 chaos spawn
  Duvessa (D:5)
  An orc warrior (D:8)
  2 sky beasts (D:8)
  A black bear (D:7)
  3 ice beasts
  A phantom (D:5)
  4 ogres
  2 centaurs
  2 big kobolds (D:7)
  6 bullfrogs
  Dowan (D:5)
  A wyvern skeleton (D:7)
  A scorpion (D:6)
  9 killer bees
  9 wights
  A howler monkey (D:6)
  3 crimson imps
  A bullfrog zombie (D:6)
  A jelly (D:6)
  3 hounds
  4 orc wizards
  A gnoll shaman (D:8)
  An orc priest (D:6)
  2 centaur skeletons
  An iguana (D:5)
  11 worker ants
  A hound zombie (D:6)
  8 gnolls
  11 adders
  A shadow imp (D:5)
  An adder zombie (D:6)
  A worm (D:4)
  2 dart slugs
  8 leopard geckos
  29 orcs
  5 bats
  4 giant cockroaches
  4 goblins
  7 hobgoblins
  6 jackals
  A quokka (D:4)
  2 frilled lizards
  12 kobolds
  A quokka skeleton (D:5)
  5 rats
187 creatures vanquished.

Vanquished Creatures (collateral kills)
  A centaur (D:6)
  A quasit (D:7)
  2 worker ants
  A shadow imp (D:7)
  An orc (D:8)
6 creatures vanquished.

Vanquished Creatures (others)
  An orc (D:9)
1 creature vanquished.

Grand Total: 194 creatures vanquished

Notes
Turn   | Place    | Note
-------+----------+-------------------------------------------
     0 | D:1      | pk666 the Deep Elf Wizard began the quest for the Orb.
     0 | D:1      | Reached XP level 1. HP: 10/10 MP: 7/7
   429 | D:1      | Reached XP level 2. HP: 15/15 MP: 3/9
   905 | D:1      | Learned a level 2 spell: Blink
  1002 | D:2      | Reached XP level 3. HP: 18/19 MP: 7/11
  1007 | D:2      | Learned a level 3 spell: Conjure Flame
  1011 | D:2      | Learned a level 3 spell: Mephitic Cloud
  1014 | D:2      | Learned a level 2 spell: Call Imp
  1068 | D:2      | Found a sparkling altar of Nemelex Xobeh.
  1096 | D:2      | Found a snail-covered altar of Cheibriados.
  1227 | D:2      | Reached skill level 5 in Spellcasting
  1565 | D:2      | Reached XP level 4. HP: 24/24 MP: 9/13
  2204 | D:3      | Reached skill level 1 in Poison Magic
  2298 | D:3      | Reached XP level 5. HP: 28/28 MP: 13/15
  2763 | D:4      | Reached skill level 1 in Fire Magic
  2763 | D:4      | Reached skill level 1 in Air Magic
  3173 | D:4      | Noticed an ogre
  3184 | D:4      | Killed an ogre
  3184 | D:4      | Reached skill level 6 in Spellcasting
  3184 | D:4      | Reached XP level 6. HP: 27/32 MP: 3/17
  3280 | D:4      | Found a shimmering altar of Xom.
  3529 | D:4      | Found a staircase to the Ecumenical Temple.
  3623 | Temple   | Entered the Ecumenical Temple
  3633 | Temple   | Became a worshipper of Vehumet
  3905 | D:5      | Entered Level 5 of the Dungeon
  3905 | D:5      | Identified the +2 mace of Fedhas's Castigation {crush, rN+}
  3905 | D:5      | Identified the +1 chain mail of Lel Sam {rC- rN++ rCorr
                  | Dex+2}
  3905 | D:5      | Noticed an orc warrior
  4007 | D:5      | Reached XP level 7. HP: 9/36 MP: 8/18
  4393 | D:5      | Found a glowing golden altar of the Shining One.
  4434 | D:5      | Found a basalt altar of Yredelemnul.
  4436 | D:5      | Noticed a profane servitor
  4563 | D:5      | Noticed Dowan
  4564 | D:5      | Noticed Duvessa
  4587 | D:5      | Killed Duvessa
  4587 | D:5      | Reached skill level 7 in Spellcasting
  4597 | D:5      | Killed Dowan
  4815 | D:5      | Reached skill level 5 in Conjurations
  4926 | D:5      | Noticed Prince Ribbit
  4953 | D:5      | Killed Prince Ribbit
  4953 | D:5      | Reached XP level 8. HP: 41/41 MP: 8/21
  5022 | D:5      | Found Huasown's Gadget Boutique.
  5120 | D:5      | Found a runed translucent gate.
  5120 | D:5      | Noticed LostGamesStreakFreak's ghost (amateur TrMo)
  5121 | D:5      | Found a runed translucent gate.
  5122 | D:5      | Found a runed translucent gate.
  5123 | D:5      | Identified the +2 ring mail of Disguise {-Tele rCorr
                  | Stlth+}
  5128 | D:5      | Found a roughly hewn altar of Beogh.
  5416 | D:5      | Noticed an angel
  5562 | D:5      | Reached skill level 8 in Spellcasting
  5766 | D:6      | Reached skill level 5 in Fire Magic
  6595 | D:6      | Found a hide-covered altar of Uskayaw.
  6597 | D:6      | Found an ornate altar of the Wu Jian Council.
  6602 | D:6      | Found an ancient bone altar of Kikubaaqudgha.
  6694 | D:5      | Reached skill level 9 in Spellcasting
  7101 | D:6      | Reached * piety under Vehumet
  7101 | D:6      | Offered knowledge of Sandblast by Vehumet.
  7461 | D:7      | Reached XP level 9. HP: 45/45 MP: 13/24
  7533 | D:7      | Found a shadowy altar of Dithmenos.
  8036 | D:7      | Found an iron altar of Okawaru.
  8099 | D:7      | Reached skill level 10 in Spellcasting
  9240 | D:8      | Found a shimmering altar of Xom.
 10163 | D:8      | Reached skill level 11 in Spellcasting
 10282 | D:7      | HP: 2/45 [killer bee (10)]
 10297 | D:7      | Reached ** piety under Vehumet
 10297 | D:7      | Offered knowledge of Shock by Vehumet.
 10613 | D:8      | Found the +7 mace of Variability {chain chaos}
 11033 | D:8      | Reached XP level 10. HP: 50/50 MP: 12/27
 11328 | D:8      | Found a shimmering altar of Xom.
 11444 | D:9      | Noticed Harold
 11451 | D:9      | Noticed Joseph
 11457 | D:9      | Noticed Erica
 11767 | D:9      | Noticed a two-headed ogre
 11805 | D:8      | Offered knowledge of Ignite Poison by Vehumet.
 12088 | D:9      | Noticed Grum
 12491 | D:8      | Killed Joseph
 12556 | D:9      | Mangled by a two-headed ogre

Levels and vault maps discovered:
D:1:      minmay_arrival_nine_rooms, layout_basic, lemuel_another_geyser
D:2:      layout_loops_ring, nemelex_xobeh_ov_fountains_minmay,
          overflow_temple_1_default, minivault_25, minmay_pentomino_o4
D:3:      layout_loops_corners
D:4:      layout_loops_ring, temple_statues, first_ration, xom_teletrap_fun
D:5:      cheibrodos_quashed, layout_loops_ring, grunt_temple_overflow_holy_war,
          biasface_ghost_orc_armoury, serial_shops, shop, uniq_duvessa,
          uniq_prince_ribbit1
D:6:      layout_cave_pools, minitemple, serial_bayou, serial_bayou_pond_e,
          serial_bayou_pond_d, serial_bayou_pond_d, serial_bayou_pond_d
D:7:      layout_basic, lemuel_doored_altar, basic_altar, grunt_ogre_cave,
          nicolae_lava_and_water, kennysheep_generic_room_12
D:8:      layout_basic, basic_altar, minmay_guarded_unrand_variability
D:9:      minmay_spotlight, layout_rooms, fedhas_altar_decomposition, uniq_grum,
          uniq_joseph, uniq_harold, uniq_erica
Temple:   nicolae_temple_great_sept

Skill      XL: |  1  2  3  4  5  6  7  8  9 10 |
---------------+-------------------------------+-----
Dodging        | 3 4 |  4.7
Conjurations   | 2 3 4 5 7 8 9 |  9.2
Spellcasting   | 5 6 7 9 11 | 11.5
Poison Magic   | 1 2 |  2.0
Fire Magic     | 2 4 6 8 |  8.7
Air Magic      | 1 2 |  2.0
Summonings     | 2 |  2.0
Stealth        | |  2.4
Translocations | |  1.1

Action                   |  1- 3 |  4- 6 |  7- 9 | 10-12 || total
-------------------------+-------+-------+-------+-------++-------
Melee: Unarmed           |     1 |       |       |       ||     1
       Dagger            |       |       |     1 |       ||     1
 Cast: Magic Dart        |    87 |   150 |   486 |    69 ||   792
       Conjure Flame     |       |    11 |    44 |     7 ||    62
       Call Imp          |       |     3 |    44 |     5 ||    52
       Blink             |       |     1 |    27 |     3 ||    31
       Mephitic Cloud    |       |     1 |    25 |     9 ||    35
  Use: Potion            |       |     1 |     3 |     4 ||     8
       Scroll            |       |       |       |     6 ||     6
  Eat: Chunk             |     1 |     8 |     7 |     4 ||    20
       Ration            |       |       |     4 |       ||     4
Armor: Robe              |     5 |     1 |    66 |     8 ||    80
Dodge: Dodged            |    25 |     8 |   173 |    33 ||   239

Table legend:
 A = Non-vault XP
 B = Vault XP
 C = Vault XP percentage of total XP
 D = Non-vault monster count
 E = Vault monster count
 F = Vault count percentage of total count
                 A         B        C        D         E       F
            +---------+---------+-------+---------+---------+-------
      Total |    5267 |    1512 |  22.3 |     180 |      13 |   6.7
            +---------+---------+-------+---------+---------+-------
        D:1 |      33 |       0 |   0.0 |      16 |       0 |   0.0
        D:2 |      39 |      29 |  42.6 |      13 |       3 |  18.8
        D:3 |      97 |       0 |   0.0 |      10 |       0 |   0.0
        D:4 |     361 |       1 |   0.3 |      29 |       1 |   3.3
        D:5 |     777 |     500 |  39.2 |      23 |       3 |  11.5
        D:6 |     916 |       0 |   0.0 |      22 |       0 |   0.0
        D:7 |    1821 |     313 |  14.7 |      32 |       3 |   8.6
        D:8 |    1093 |     669 |  38.0 |      32 |       3 |   8.6
        D:9 |     130 |       0 |   0.0 |       3 |       0 |   0.0
            +---------+---------+-------+---------+---------+-------
